 Dungeon Crawl Stone Soup version 0.29-a0-356-g7bc237e783 (webtiles) character file.

Game seed: 6986728833325912554

4 spaghetti the Grasshopper (level 1, -2/13 HPs)
             Began as a Gnoll Wanderer on Apr 25, 2022.
             Slain by a quokka (5 damage)
             ... on level 1 of the Dungeon.
             The game lasted 00:00:35 (448 turns).

spaghetti the Grasshopper (Gnoll Wanderer)           Turns: 448, Time: 00:00:35

Health: -2/13      AC:  2    Str:  9    XL:     1   Next: 70%
Magic:  6/6        EV: 11    Int: 12    God:
Gold:   57         SH:  5    Dex: 12    Spells: 8/9 levels left

rFire   . . .      SeeInvis .   a - +0 spear {polearm}
rCold   . . .      Faith    .   b - +0 buckler
rNeg    . . .      Spirit   .   d - +0 robe
rPois   .          Reflect  .   (no helmet)
rElec   .          Harm     .   (no cloak)
rCorr   .          Rampage  .   (no gloves)
Will    .....                   (no boots)
Stlth   +.........              (no amulet)
HPRegen 0.04/turn               (no ring)
MPRegen 0.10/turn               (no ring)

@: no status effects
A: fangs 1, strong nose, distributed training
a: no special abilities


You were on level 1 of the Dungeon.
You visited 1 branch of the dungeon, and saw 1 of its levels.

You collected 57 gold pieces.


Innate Abilities, Weirdness & Mutations

You have very sharp teeth.
Your uncanny sense of smell can sniff out nearby items.
Your experience applies equally to all skills.


   Skills:
 + Level 0.1 Fighting
 + Level 0.1 Short Blades
 + Level 0.1 Long Blades
 + Level 0.1 Axes
 + Level 0.1 Maces & Flails
 + Level 4.4 Polearms
 + Level 0.1 Staves
 + Level 0.1 Slings
 + Level 0.1 Bows
 + Level 0.1 Crossbows
 + Level 0.1 Throwing
 + Level 2.4 Armour
 + Level 0.1 Dodging
 + Level 0.1 Stealth
 + Level 4.4 Shields
 + Level 0.1 Unarmed Combat
 + Level 4.9 Spellcasting
 + Level 0.1 Conjurations
 + Level 0.1 Hexes
 + Level 0.1 Summonings
 + Level 0.1 Necromancy
 + Level 5.3 Translocations
 + Level 0.1 Transmutations
 + Level 0.1 Fire Magic
 + Level 0.1 Ice Magic
 + Level 0.1 Air Magic
 + Level 0.1 Earth Magic
 + Level 0.1 Poison Magic
 + Level 0.2 Invocations
 + Level 0.1 Evocations


You had 8 spell levels left.
You knew the following spells:

 Your Spells              Type           Power      Damage    Failure   Level
a - Apportation           Tloc           30%        N/A       3%          1

Your spell library contained the following spells:

 Spells                   Type           Power      Damage    Failure   Level
 Lesser Beckoning         Tloc           15%        N/A       9%          3
 Iskenderun's Mystic Bla  Conj/Tloc      9%         2d4       63%         4

Inventory:

Hand Weapons
 a - a +0 spear (weapon) {polearm}
Missiles
 e - 33 stones {throwing}
 g - 2 boomerangs {throwing}
 h - 3 poisoned darts {throwing}
Armour
 b - a +0 buckler (worn)
 d - a +0 robe (worn)
Scrolls
 f - a scroll of blinking {unknown}
Potions
 c - a potion of haste {@q3}

Dungeon Overview and Level Annotations

Branches:
Dungeon (1/15)

Altars:

##### #####.####.#### #)#
#...#### # #.# #.### #
#.# #.. ####### #.# #.#
......# #.# #.# ......#
#.# #.# ####### #r### #.#
# ####@r.# ## #
#....#...... #
#.############# #
#.####........#######
#.#....#####.........
#........>.......####
.#######.......#.########
.............^.#..#
########...)...)..#


You could see 2 quokkas.


Message History

No target in view!
No target in view!
No target in view!
No target in view!
No target in view!
You see here a hobgoblin corpse.
A hobgoblin comes into view.
A hobgoblin is nearby!
A hobgoblin is nearby!
The hobgoblin shouts!
You hit the hobgoblin. The hobgoblin barely misses you.
You barely miss the hobgoblin. The hobgoblin hits you. 😕 HP[-3]
You take 3 damage, and now have 10/13 hp.
MASSIVE DAMAGE!! (PAUSE)
You completely miss the hobgoblin. The hobgoblin barely misses you.
You hit the hobgoblin.
You kill the hobgoblin!
Okay, then.
Key pressed, stopping explore.
You now have 25 gold pieces (gained 13).
Key pressed, stopping explore.
Key pressed, stopping explore.
h - 3 poisoned darts {throwing} 😎 HP[+3]
Your hp is fully restored (13).
A bat comes into view.
The bat hits you but does no damage.
A bat is nearby!
A bat is nearby!
A bat is nearby!
You hit the bat.
You kill the bat!
No target in view!
No target in view!
Key pressed, stopping explore.
You now have 36 gold pieces (gained 11).
Key pressed, stopping explore.
Key pressed, stopping explore.
Found a stone staircase leading down.
There is a stone staircase leading down here.
A kobold comes into view. It is wielding a +0 dagger.
A kobold is nearby!
A kobold is nearby!
You closely miss the kobold. The kobold hits you but does no damage.
You miss the kobold. Your bite misses the kobold.
The kobold hits you with a +0 dagger. 😕 HP[-3]
You take 3 damage, and now have 10/13 hp.
MASSIVE DAMAGE!! (PAUSE)
You hit the kobold.
You kill the kobold!
Key pressed, stopping explore.
A kobold comes into view. It is wielding a +0 dagger.
You see here a +0 dagger {short}. 😎 HP[+3]
Your hp is fully restored (13).
A kobold is nearby!
The kobold throws a stone.
The stone barely misses you.
You hit the kobold. You block the kobold's attack.
You hit the kobold.
You kill the kobold!
No target in view!
No target in view!
No target in view!
No target in view!
No target in view!
No target in view!
No target in view!
No target in view!
No target in view!
No target in view!
No target in view!
e - 33 stones {throwing} (gained 1)
You see here a +0 dagger {short}.
You now have 45 gold pieces (gained 9).
You now have 57 gold pieces (gained 12).
Key pressed, stopping explore.
Key pressed, stopping explore.
A quokka comes into view.
You reach to attack!
The helpless quokka fails to defend itself.
You hit the quokka. You barely miss the quokka. The quokka bites you. 😮 HP[-4]
You take 4 damage, and now have 9/13 hp.
MASSIVE DAMAGE!! (PAUSE)
You miss the quokka. The quokka completely misses you.
You hit the quokka but do no damage. Your bite misses the quokka.
The quokka barely misses you. You block the quokka's attack.
You hit the quokka but do no damage. The quokka closely misses you.
The quokka bites you. The quokka closely misses you. 😮 HP[-2]
You take 2 damage, and now have 7/13 hp.
You barely miss the quokka. You block the quokka's attack.
The quokka barely misses you.
You hit the quokka. The quokka bites you.
* * * LOW HITPOINT WARNING * * *
The quokka bites you.
You die...

Action                   || total
-------------------------++-------
Melee: Spear             ||    20
 Stab: Sleeping          ||     1
Armor: Robe              ||     2
Dodge: Dodged            ||     8
Block: Buckler           ||     3

Levels and vault maps discovered:
D:1:      dpeg_arrival_lava_temple_mockup, layout_loops_ring,
          ebering_ecumenical_altar_mist, serial_co_window_serial,
          co_window_paths_a, co_window_corner_a, co_window_paths_a,
          co_window_paths_a, co_window_paths_b, co_window_broadway_a,
          co_window_unsneaky_path_a, co_window_cross_2, co_window_broadway_a,
          co_window_broadway_c, co_window_corner_cb, co_window_paths_e,
          glass_columns_a, glass_columns_a, glass_columns_c

Notes
Turn   | Place    | Note
-------+----------+-------------------------------------------
     0 | D:1      | spaghetti the Gnoll Wanderer began the quest for the Orb.
     0 | D:1      | spaghetti set off with the following items: a +0 spear
                  | {polearm}, a +0 buckler, a potion of haste {@q3}, a +0
                  | robe; and the following spell memorised: Apportation; and
                  | the following spells available to memorise: Lesser
                  | Beckoning, Iskenderun's Mystic Blast
     0 | D:1      | Reached XP level 1. HP: 13/13 MP: 6/6
     0 | D:1      | magus.rc [v1.9.6]
   448 | D:1      | HP: 3/13 [quokka (4)]
   448 | D:1      | Slain by a quokka

Vanquished Creatures
  2 hobgoblins (D:1)
  A bat (D:1)
  2 kobolds (D:1)
5 creatures vanquished.

Table legend:
 A = Non-vault XP
 B = Vault XP
 C = Vault XP percentage of total XP
 D = Non-vault monster count
 E = Vault monster count
 F = Vault count percentage of total count
                 A         B        C        D         E       F
            +---------+---------+-------+---------+---------+-------
      Total |       7 |       0 |   0.0 |       5 |       0 |   0.0
            +---------+---------+-------+---------+---------+-------
        D:1 |       7 |       0 |   0.0 |       5 |       0 |   0.0
            +---------+---------+-------+---------+---------+-------

Illustrated notes

Table legend:
 A = Kills in this place as a percentage of kills in entire the game.
 B = Kills by you in this place as a percentage of kills by you in the entire game.
 C = Kills by friends in this place as a percentage of kills by friends in the entire game.
 D = Other kills in this place as a percentage of other kills in the entire game.
 E = Experience gained in this place as a percentage of experience gained in the entire game.
 F = Experience gained in this place divided by the number of levels of this place that you have seen.
                   A       B       C       D       E      F
               +-------+-------+-------+-------+-------+----------------------
         Total | 100.0 | 100.0 |   N/A |   N/A | 100.0 |   7.0
       Dungeon | 100.0 | 100.0 |   N/A |   N/A | 100.0 |   7.0
               +-------+-------+-------+-------+-------+----------------------

Table legend: (Time is in decaauts)
 A = Elapsed time spent in this place.
 B = Non-inter-level travel time spent in this place.
 C = Inter-level travel time spent in this place.
 D = Time resting spent in this place.
 E = Time spent auto-exploring this place.
 F = Levels seen in this place.
 G = Mean time per level.
                   A        B        C        D        E       F      G
               +--------+--------+--------+--------+--------+-----+--------+
         Total |    446 |    446 |      0 |      0 |    409 |   1 |  446.0 |
       Dungeon |    446 |    446 |      0 |      0 |    409 |   1 |  446.0 |
               +--------+--------+--------+--------+--------+-----+--------+

Top non-repeatable levels by time:
     D:1: 446 daAuts
